 Dungeon Crawl Stone Soup version 0.32-a0-131-g9dbbe29 (webtiles) character file.

Game seed: 3195476093511300006

104 edsrzf the Magician (level 4, -13/40 HPs)
             Began as an Octopode Hedge Wizard on Feb 8, 2024.
             Was an Initiate of Cheibriados.
             Mangled by a yak (17 damage)
             ... on level 5 of the Dungeon.
             The game lasted 00:06:06 (3507 turns).

edsrzf the Magician (Octopode Hedge Wizard)         Turns: 3507, Time: 00:06:08

Health: -13/40     AC:  1    Str: 10    XL:     4   Next: 80%
Magic:  9/9        EV: 13    Int: 19    God:    Cheibriados [......]
Gold:   209        SH:  0    Dex: 12    Spells: 1/10 levels left

rFire   . . .        a - +0 dagger
rCold   . . .        (no shield)
rNeg    . . .        b - +0 hat
rPois   .            (no amulet)
rElec   .            (no ring)
rCorr   .            (no ring)
SInv    .            (no ring)
Will    .....        (no ring) Stlth
                     (no ring)
HPRegen 0.26/turn    (no ring)
MPRegen 0.11/turn    (no ring)
                     (no ring)

%: no passive effects
@: berserking, silenced, very slow
A: almost no armour, amphibious, 8 rings, camouflage 1, gelatinous body 1,
(nimble swimmer 1), tentacles
a: Renounce Religion


You were on level 5 of the Dungeon.
You worshipped Cheibriados.
Cheibriados was noncommittal.
You visited 1 branch of the dungeon, and saw 5 of its levels.

You collected 209 gold pieces.

Inventory:

Hand Weapons
 a - a +0 dagger (weapon)
Armour
 b - a +0 hat (worn)
Wands
 r - a wand of flame (6)
Scrolls
 h - a scroll of identify {@r1}
 p - a scroll of teleportation {unknown}
 q - a scroll of noise {unknown}
 s - a scroll of brand weapon {unknown}
 t - a scroll of fog {unknown}
Potions
 c - a potion of magic
 d - a potion of degeneration
 i - a potion of lignification {unknown}
 j - a potion of attraction {unknown}
 n - a potion of might {unknown}


   Skills:
 - Level 2.0 Dodging
 - Level 2.6 Stealth
 + Level 3.6 Spellcasting
 - Level 3.0 Conjurations
 - Level 1.0 Summonings
 - Level 1.0 Translocations
 + Level 2.2 Alchemy


You had one spell level left.
You knew the following spells:

 Your Spells              Type           Power      Damage    Failure   Level
b - Blink                 Tloc           14%        N/A       14%         2
r - Searing Ray           Conj           28%        2d5       6%          2
s - Slow                  Hex            12%        N/A       14%         1
C - Mephitic Cloud        Conj/Alch/Air  10%        N/A       22%         3
X - Magic Dart            Conj           56%        1d5       4%          1

Your spell library contained the following spells:

 Spells                   Type           Power      Damage    Failure   Level
 Static Discharge         Conj/Air       18%        3-4/arc   12%         2
 Call Imp                 Summ           14%        N/A       14%         2
 Cigotuvi's Dreadful Rot  Necr/Alch/Air  12%        N/A       16%         2
 Ensorcelled Hibernation  Hex/Ice        6%         N/A       22%         2
 Passwall                 Erth           3%         N/A       41%         3
 Swiftness                Air            3%         N/A       41%         3
 Tukima's Dance           Hex            3%         N/A       41%         3
 Fulminant Prism          Conj/Alch      6%         3d6       43%         4
 Passage of Golubria      Tloc           7%         N/A       67%         4
 Summon Lightning Spire   Summ/Air       5%         N/A       75%         4
 Airstrike                Air            1%         2d(1-17)  82%         4
 Yara's Violent Unravell  Hex/Alch       3%         3d4       94%         5


Dungeon Overview and Level Annotations

Branches:
Dungeon (5/15)             Temple (0/1) D:4

Altars:
Cheibriados


Innate Abilities, Weirdness & Mutations

You cannot wear most types of armour.
You are amphibious.
You can wear up to eight rings at the same time.
Your skin changes colour to match your surroundings (Stealth+).
Your rubbery body absorbs attacks. (AC +1, EV +1)
((You are camouflaged when in or above water. (Stealth+)))
You have tentacles for arms and can constrict up to eight enemies at once.


Message History

Okay, then.
Okay, then.
Okay, then.
Blink to where?
Press: ? - help, Dir - move target
Found a spear.
As you read the scroll labelled ICEGAGH RICO, it crumbles to dust.
It was a scroll of blinking.
As you read the scroll labelled CORGHY JOUMM, it crumbles to dust.
You assume a fearsome visage.
The yak looks frightened!
It was a scroll of fear.
You pick up a book of Burglary and begin reading...
You add the spells Ensorcelled Hibernation, Swiftness and Passwall to your library. 2 orcs come into view.
The orc shouts!
A white imp comes into view.
As you read the scroll labelled SITUD ZIKEEJUO, it crumbles to dust.
The creatures around you are filled with an inner flame!
It was a scroll of immolation.
An orc comes into view. It is wielding a +0 club.
An orc comes into view. It is wielding a +0 short sword.
As you read the scroll labelled MOMESOWOEL, it crumbles to dust.
A profound silence engulfs you.
It was a scroll of silence.
A centaur comes into view.
Magic scrolls do not work when you're silenced!
Unknown command.
A ribbon worm comes into view.
The white imp gestures at you. The puff of frost hits you!
* * * LOW HITPOINT WARNING * * *
A white imp comes into view.
The white imp gestures at you. The puff of frost misses you.
It was a potion of heal wounds.
You feel much better.
You hit the orc but do no damage. You grab the orc.
You tentacle-slap the orc, but do no damage.
You constrict the orc, but do no damage.
The orc closely misses you. The white imp gestures at you.
The puff of frost hits you!
Magic scrolls do not work when you're silenced!
Unknown command.
You release your grip on the orc.
The white imp closely misses you. The orc closely misses you.
The orc hits you with a +0 hand axe.
Magic scrolls do not work when you're silenced!
Unknown command.
Okay, then.
The centaur wields a +0 orcbow.
The centaur shoots an arrow.
The arrow barely misses you.
The white imp attacks as it pursues you!
The white imp hits you. The white imp freezes you.
You feel much better. The white imp gestures at you.
The puff of frost hits you. The orc hits you with a +0 hand axe.
The orc misses you. The ribbon worm closely misses you.
The white imp closely misses you.
Found an escape hatch in the ceiling.
The white imp gestures at you. The puff of frost misses you.
The ribbon worm expels a string of sticky webbing.
The stream of webbing hits you but does no damage.
You are caught in a web!
The orc barely misses you. The orc hits you with a +0 hand axe.
There is a web here.
The web tears apart.
The orc hits you but does no damage. The ribbon worm bites you.
* * * LOW HITPOINT WARNING * * *
You feel much better. The white imp closely misses you.
The orc barely misses you. The orc hits you with a +0 hand axe.
The white imp gestures at you. The puff of frost misses you.
The orc hits you with a +0 hand axe.
The centaur unwields a +0 orcbow.
The centaur hits you! The centaur closely misses you.
Okay, then.
Okay, then.
Okay, then.
Magic scrolls do not work when you're silenced!
Unknown command.
The centaur attacks as it pursues you! The centaur hits you.
The centaur kicks you.
Okay, then.
Okay, then.
Magic scrolls do not work when you're silenced!
Unknown command.
It was a potion of berserk rage.
A red film seems to cover your vision as you go berserk!
Cheibriados protects you from inadvertent hurry.
You feel mighty! The centaur misses you. The centaur closely misses you.
The centaur hits you!
* * * LOW HITPOINT WARNING * * *
The centaur kicks you.
* * * LOW HITPOINT WARNING * * *
You barely miss the yak. You squeeze the yak.
The yak is lightly wounded.
The centaur hits you but does no damage.
The centaur kicks you.
* * * LOW HITPOINT WARNING * * *
The yak gores you!
You die...
Cheibriados appreciates the motionlessness of death.

...................# .##
..................#
...##...#.............#.
.......................#
...............#........
#.............o........#
..#............o........
..##.........w5Y@....<..
.............ooc##......
..............5## ....#
.....[.........# ....
............#...# ...
............#..... ..
................... .
...........######..
............#


You could see a yak, a centaur, a ribbon worm, 2 white imps and 4 orcs.

Vanquished Creatures
  6 adders
  2 dart slugs
  3 ribbon worms
  2 ball pythons
  5 endoplasms
  2 giant cockroaches
  3 hobgoblins
  2 jackals (D:2)
  A quokka (D:2)
  3 bats
  3 frilled lizards
  3 goblins
  3 kobolds
  3 rats (D:1)
41 creatures vanquished.

Notes
Turn   | Place    | Note
-------+----------+-------------------------------------------
     0 | D:1      | edsrzf the Octopode Hedge Wizard began the quest for the
                  | Orb.
     0 | D:1      | Reached XP level 1. HP: 11/11 MP: 4/4
   313 | D:1      | Reached skill level 2 in Conjurations
   313 | D:1      | Reached XP level 2. HP: 17/17 MP: 0/6
   985 | D:2      | Learned a level 2 spell: Searing Ray
  1281 | D:2      | Reached XP level 3. HP: 13/21 MP: 1/7
  1408 | D:2      | Reached skill level 3 in Conjurations
  1411 | D:2      | Learned a level 2 spell: Blink
  1415 | D:2      | Learned a level 3 spell: Mephitic Cloud
  1735 | D:2      | Reached skill level 1 in Alchemy
  1854 | D:2      | Reached XP level 4. HP: 27/27 MP: 3/8
  2142 | D:2      | Found a snail-covered altar of Cheibriados.
  2287 | D:2      | Became a worshipper of Cheibriados the Contemplative
  2327 | D:3      | Learned a level 1 spell: Slow
  2501 | D:3      | Identified the +4 mace of the Endless Expanse {freeze,
                  | Dex+2 SInv}
  3048 | D:4      | Found a staircase to the Ecumenical Temple.
  3330 | D:4      | Reached skill level 2 in Alchemy
  3453 | D:4      | Noticed a yak
  3453 | D:4      | Noticed a yak
  3453 | D:4      | Noticed a yak
  3475 | D:4      | Noticed a yak
  3480 | D:5      | Entered Level 5 of the Dungeon
  3481 | D:5      | Identified 2 scrolls of identify
  3481 | D:5      | Identified a potion of degeneration
  3481 | D:5      | HP: 1/27 [yak (18)]
  3482 | D:5      | Identified 2 potions of curing
  3484 | D:5      | Identified a scroll of blinking
  3485 | D:5      | Identified a scroll of fear
  3490 | D:5      | Identified a scroll of immolation
  3491 | D:5      | Identified a scroll of silence
  3491 | D:5      | Noticed a centaur
  3495 | D:5      | Identified 3 potions of heal wounds
  3506 | D:5      | Identified a potion of berserk rage
  3507 | D:5      | Mangled by a yak

Illustrated notes

Levels and vault maps discovered:
D:1:      nagdon_arrival_zigzag_paths, layout_basic, st_stairs_2
D:2:      layout_basic, basic_altar
D:3:      layout_loops_cross
D:4:      layout_basic, minmay_temple_entry_glassed_door
D:5:      layout_cave_pools, lemuel_doored_altar, nicolae_underground_beach

Skill      XL: |  1  2  3  4 |
---------------+-------------+-----
Conjurations   | 2 3 |  3.0
Alchemy        | 1 2 |  2.2
Dodging        | |  2.0
Stealth        | |  2.6
Spellcasting   | |  3.6
Summonings     | |  1.0
Translocations | |  1.0

Action                     |  1- 3 |  4- 6 || total
---------------------------+-------+-------++-------
  Melee: Dagger            |    13 |     5 ||    18
         Constrict         |     4 |     2 ||     6
         Tentacles         |     3 |     3 ||     6
         Punch             |     1 |     1 ||     2
   Cast: Magic Dart        |    83 |    39 ||   122
         Slow              |       |     1 ||     1
    Use: Potion            |       |     6 ||     6
         Scroll            |       |     5 ||     5
 Armour: Skin              |     8 |    28 ||    36
  Dodge: Dodged            |    28 |    20 ||    48

Table legend: (Time is in decaauts)
 A = Elapsed time spent in this place.
 B = Non-inter-level travel time spent in this place.
 C = Inter-level travel time spent in this place.
 D = Time resting spent in this place.
 E = Time spent auto-exploring this place.
 F = Levels seen in this place.
 G = Mean time per level.
                   A        B        C        D        E       F      G
               +--------+--------+--------+--------+--------+-----+--------+
         Total |   3726 |   3538 |    188 |    951 |   2175 |   5 |  745.2 |
       Dungeon |   3726 |   3538 |    188 |    951 |   2175 |   5 |  745.2 |
               +--------+--------+--------+--------+--------+-----+--------+

Top non-repeatable levels by time:
     D:2: 1380 daAuts
     D:1: 945 daAuts
     D:3: 788 daAuts
     D:4: 581 daAuts
     D:5: 30 daAuts
